 Dungeon Crawl Stone Soup version 0.17-a0-1069-g92ad481 (webtiles) character file.

2608 Fluffy the Cleaver (level 9, 0/82 HPs)
             Began as a Hill Orc Fighter on May 17, 2015.
             Was a Priest of Qazlal.
             Killed by divine providence
             ... invoked by an orc priest
              (13 damage)
             ... on level 9 of the Dungeon.
             The game lasted 00:20:27 (6802 turns).

Fluffy the Cleaver (Hill Orc Fighter)               Turns: 6802, Time: 00:20:27

Health: 0/82       AC: 19    Str: 23    XL:     9   Next: 59%
Magic:  14/14      EV:  4    Int:  8    God:    Qazlal [***...]
Gold:   445        SH: 13    Dex: 13    Spells: 0 memorised, 8 levels left

rFire  . . .     SeeInvis .     a - +1 war axe
rCold  . . .     Clarity  .     x - +0 plate armour
rNeg   . . .     SustAb   .     c - +0 shield
rPois  .         Gourm    .     q - +2 hat
rElec  .         Spirit   .     (no cloak)
rCorr  .         Warding  .     k - +1 pair of gloves
rMut   .         Stasis   .     A - +0 pair of boots
MR     .....                    y - amulet of regeneration
Stlth  ..........               (no ring)
                                D - +4 ring of strength (curse)

@: lethally poisoned (0 -> -1), very slightly contaminated, not resistant to
hostile enchantments, extremely unstealthy
A: no striking features
a: Upheaval, Elemental Force, Renounce Religion, Convert to Beogh


You were on level 9 of the Dungeon.
You worshipped Qazlal.
Qazlal was most pleased with you.
You were not hungry.

You visited 1 branch of the dungeon, and saw 9 of its levels.

You collected 445 gold pieces.

Inventory:

Hand weapons
 a - a +1 war axe (weapon)
 B - a +0 hand axe of flaming
Armour
 c - a +0 shield (worn)
 k - a +1 pair of gloves (worn)
 q - a +2 hat (worn)
 x - a +0 plate armour (worn)
 A - a +0 pair of boots (worn)
Jewellery
 y - an amulet of regeneration (around neck)
 D - a cursed +4 ring of strength (left hand)
Magical devices
 s - a wand of slowing (31)
 v - a wand of confusion (42)
 E - a wand of digging (8)
Scrolls
 d - a scroll of recharging
 m - 3 scrolls of remove curse
 z - 3 scrolls of enchant armour
 C - a scroll of amnesia
 F - a scroll of magic mapping
 G - a scroll of noise {unknown}
Potions
 g - 9 potions of curing
 h - 2 potions of magic
 j - 2 potions of flight
 l - 2 potions of cancellation
 o - a potion of heal wounds {unknown}
 p - 2 potions of resistance
 r - 2 potions of mutation {unknown}
 t - 2 potions of brilliance {unknown}
 u - a potion of agility {unknown}
 w - a potion of berserk rage {unknown}
 H - a potion of might
Comestibles
 b - 3 meat rations
 e - 6 bread rations
 i - 4 fruits
 n - 4 beef jerkies
 I - a chunk of flesh


   Skills:
 + Level 8.6 Fighting
 + Level 8.9 Axes
 + Level 7.9 Armour
 - Level 3.2 Shields
 + Level 7.7 Invocations


You had 8 spell levels left.
You didn't know any spells.

Dungeon Overview and Level Annotations

Branches:
Dungeon (10/15)            Temple (0/1) D:6
   Lair: D:8-11         Orc: D:9-12

Altars:
Ashenzari
Elyvilon
Fedhas
Gozag
Makhleb
Nemelex Xobeh
Qazlal
Zin

Shops:
D:10 *

Annotations:
D:9 Maurice


Message History

You feel sick. You block the killer bee's attack. The killer bee stings you.
* * * LOW HITPOINT WARNING * * *
The sky beast flickers out of sight!
You hit the killer bee.
The killer bee is lightly wounded.
The killer bee stings you.
* * * LOW HITPOINT WARNING * * *
The killer bee stings you but does no damage.
You hit the killer bee.
The killer bee is heavily wounded.
You feel sick. You block the killer bee's attack.
You block the killer bee's attack.
The orc priest looks braver.
The killer bee stings you but does no damage.
You barely miss the killer bee.
The killer bee is heavily wounded.
You block the killer bee's attack.
The orc priest calls down the wrath of Beogh upon you.
Something smites you!
You die...

##.####.....$.P.P.
................PP
#.#...........P.Pr
#.#..........P.PP# #.
#..........P.P# ##
#.##......#..P...# ..
#..†......#...P.P#
#.#####.....#†...P.P
#..@yy{o......#....P
#####y....#.###.....
#...#.#.# ##.)..
#...#.#.######..
####...#.#.....##..
.##......#)#.....##..
..................##..
#.##.....@#...######..
..........#..)# #..


You could see 3 killer bees and an orc priest.

Vanquished Creatures
  The ghost of Lugonue the Sneak, an average OpGl (D:4)
  Eustachio (D:6)
  A yak (D:9)
  Grum (D:9)
  2 wolves (D:9)
  A sky beast (D:6)
  A centaur (D:5)
  2 ogres
  A phantom (D:6)
  A big kobold (D:7)
  3 giant frogs (D:6)
  A wyvern zombie (D:10)
  2 scorpions
  A killer bee (D:9)
  A giant frog zombie (D:7)
  An orc wizard (D:4)
  5 iguanas
  2 orc priests
  A gnoll shaman (D:6)
  3 hounds
  2 centaur skeletons
  A giant frog skeleton (D:6)
  3 worker ants
  A killer bee zombie (D:9)
  2 hound skeletons
  A river rat (D:9)
  6 gnolls
  11 adders
  2 shadow imps (D:6)
  2 oozes
  An adder skeleton (D:5)
  2 worms
  2 giant geckos
  21 orcs
  12 bats
  2 bat skeletons (D:4)
  3 giant cockroaches
  13 goblins
  12 hobgoblins
  25 jackals
  21 kobolds
  A quokka (D:6)
  4 giant newts
  A jackal skeleton (D:5)
  A jackal zombie (D:3)
  2 quokka zombies (D:7)
  20 rats
  A bush (D:3)
  2 fungi
  A plant (D:9)
210 creatures vanquished.

Vanquished Creatures (others)
  A giant frog (D:7)
  A fungus (D:9)
2 creatures vanquished.

Grand Total: 212 creatures vanquished

Notes
Turn   | Place    | Note
--------------------------------------------------------------
     0 | D:1      | Fluffy the Hill Orc Fighter began the quest for the Orb.
     0 | D:1      | Reached XP level 1. HP: 19/19 MP: 1/1
   383 | D:1      | Reached XP level 2. HP: 27/27 MP: 2/2
   682 | D:1      | Reached skill level 4 in Fighting
   959 | D:1      | Reached XP level 3. HP: 33/33 MP: 3/3
  1272 | D:2      | Reached XP level 4. HP: 25/41 MP: 4/4
  2227 | D:3      | Reached XP level 5. HP: 47/47 MP: 5/5
  2374 | D:3      | Found a stormy altar of Qazlal.
  2378 | D:3      | Found a blossoming altar of Fedhas.
  2384 | D:3      | Became a worshipper of Qazlal Stormbringer
  2708 | D:3      | Reached skill level 5 in Fighting
  2708 | D:3      | Reached skill level 1 in Invocations
  3199 | D:4      | Reached XP level 6. HP: 56/56 MP: 7/7
  3396 | D:4      | Found an opulent altar of Gozag.
  3396 | D:4      | Found a sparkling altar of Nemelex Xobeh.
  3475 | D:4      | Reached skill level 5 in Axes
  3475 | D:4      | Reached skill level 5 in Armour
  3517 | D:4      | Noticed Lugonue's ghost (average OpGl)
  3549 | D:4      | Killed Lugonue's ghost
  3549 | D:4      | Acquired Qazlal's first power
  3549 | D:4      | Reached XP level 7. HP: 44/62 MP: 7/9
  3574 | D:4      | Found a burning altar of Makhleb.
  3574 | D:4      | Noticed a cacodemon
  3935 | D:5      | Entered Level 5 of the Dungeon
  3945 | D:5      | Reached skill level 6 in Fighting
  4600 | D:6      | Reached XP level 8. HP: 71/71 MP: 11/11
  4642 | D:6      | Noticed Eustachio
  4642 | D:6      | Acquired Qazlal's second power
  4642 | D:6      | Reached skill level 5 in Invocations
  4665 | D:6      | Killed Eustachio
  4665 | D:6      | Reached skill level 7 in Axes
  4735 | D:6      | Found a sparkling altar of Nemelex Xobeh.
  5381 | D:6      | Found a staircase to the Ecumenical Temple.
  5819 | D:7      | Found a white marble altar of Elyvilon.
  5882 | D:7      | Reached skill level 8 in Axes
  5882 | D:7      | Reached XP level 9. HP: 77/79 MP: 13/13
  6552 | D:7      | You fall through a shaft for 3 floors!
  6552 | D:10     | Entered Level 10 of the Dungeon
  6552 | D:10     | Found a glowing silver altar of Zin.
  6552 | D:10     | Found Asatez's Hallowed Reliquary.
  6552 | D:10     | Noticed an angel
  6606 | D:9      | Found a shattered altar of Ashenzari.
  6619 | D:9      | Acquired Qazlal's third power
  6633 | D:9      | Noticed Grum
  6647 | D:9      | Killed Grum
  6798 | D:9      | Noticed Maurice
  6802 | D:9      | Killed from afar by an orc priest

Vault maps used:
D:1:      minmay_arrival_wavy_path
D:2:      first_bread
D:3:      grunt_temple_overflow_forces_of_nature
D:4:      grunt_temple_overflow_opulence, makhleb_altar_promises_db
D:6:      minmay_klotski, temple_green, basic_altar, uniq_eustachio
D:7:      nicolae_overflow_hidden_temple, kennysheep_mini, grunt_livestock,
          minivault_25, corexii_leaking_fountain, lemuel_flame_loot_1
D:9:      old_standard_altar, zin_angel, minitemple, bloody_trog,
          grunt_lair_entry_elf_guard_hut, tso_altar, uniq_grum, uniq_maurice
D:10:     minmay_distorted_concentric_squares, minivault_25, nicolae_good_shop

Action                   |  1- 3 |  4- 6 |  7- 9 || total
-------------------------+-------+-------+-------++-------
Melee: War axe           |   104 |   379 |   437 ||   920
Evoke: Wand              |       |     3 |       ||     3
  Use: Scroll            |       |     7 |     9 ||    16
       Potion            |       |       |     1 ||     1
 Stab: Confused          |       |     1 |       ||     1
  Eat: Chunk             |     1 |     8 |    13 ||    22
       Fruit             |       |       |     1 ||     1
